 Dungeon Crawl Stone Soup version 0.31.0-4-g52a2dc7128 (webtiles) character file.

Game seed: 11255711435271246781

740 Xavori the Slasher (level 8, -15/58 HPs)
             Began as a Djinni Chaos Knight on Jan 22, 2024.
             Was a Plaything of Xom.
             Demolished by a bog mummy (26 damage)
             ... in an ossuary.
             The game lasted 00:04:22 (10832 turns).

Xavori the Slasher (Djinni Chaos Knight)           Turns: 10832, Time: 00:04:22

Health: -15/58     AC:  6    Str: 11    XL:     8   Next: 5%
Gold:   58         EV: 12    Int: 12    God:    Xom [...*..] SH:  0 Dex: 13

rFire   + + +        a - +0 falchion (chaos)
rCold   x . .        (no shield)
rNeg    . . .        b - +2 leather armour
rPois   ∞            (helmet restricted)
rElec   .            h - +0 cloak
rCorr   .            (no gloves)
SInv    .            (boots unavailable)
Will    +....        (no amulet)
Stlth   +            f - ring of protection from fire
HPRegen 0.29/turn    l - ring of wizardry
MPRegen 0.00/turn

%: wizardry (x1), infuse magic (-16 HP)
@: flying
A: sickness immunity, fire resistance 2, cold vulnerability 1, float, innate
caster, HP casting, extra vitality 1, horns 1, clumsy 1, dopey 1, strong-willed
1, teleportitis 2
a: Renounce Religion


You were in an ossuary.
You worshipped Xom.
You were a favourite toy of Xom.
You visited 1 branch of the dungeon, and saw 4 of its levels.
You also visited: Ossuary.

You collected 142 gold pieces.
You spent 84 gold pieces at shops.

Inventory:

Hand Weapons
 a - a +0 falchion of chaos (weapon)
Armour
 b - a +2 leather armour (worn)
 h - a +0 cloak (worn)
Jewellery
 f - a ring of protection from fire (left hand)
 l - a ring of wizardry (right hand)
Wands
 n - a wand of charming (11)
Scrolls
 c - a scroll of butterflies
 e - a scroll of blinking
 i - a scroll of identify {unknown}
 k - a scroll of vulnerability {unknown}
 p - a scroll of enchant weapon {unknown}
Potions
 d - a potion of heal wounds {unknown}
 g - a potion of ambrosia {unknown}
 j - a potion of might {unknown}
 m - a potion of haste {unknown}
 o - a potion of resistance {unknown}
 q - a potion of curing


   Skills:
 + Level 4.1 Fighting
 + Level 5.4 Long Blades
 + Level 3.9 Armour
 + Level 3.7 Dodging
 * Level 1.9 Spellcasting
 * Level 1.9 Conjurations
 * Level 1.9 Hexes
 * Level 1.9 Summonings
 * Level 1.9 Necromancy
 * Level 1.9 Translocations
 * Level 1.9 Fire Magic
 * Level 1.9 Ice Magic
 * Level 1.9 Air Magic
 * Level 1.9 Earth Magic
 * Level 1.9 Alchemy


You knew the following spells:

 Your Spells              Type           Power      Damage    Failure   Level
a - Magic Dart            Conj           20%        1d4       6%          1
b - Searing Ray           Conj           10%        2d4       10%         2
c - Mercury Vapours       Alch/Air       10%        N/A       10%         2
Your spell library was empty.

Dungeon Overview and Level Annotations

Branches:
Dungeon (4/15)            Ossuary (1/1)
 Temple: D:4-7

Altars:
Qazlal
Zin

Shops:
D:3 !   D:4 *


Innate Abilities, Weirdness & Mutations

You are immune to sickness and miasma.
You are immune to poison.
Your flesh is very heat resistant. (rF++)
You are vulnerable to cold. (rC-)
You float through the air rather than walking.
You learn spells naturally, not from books.
Your magical power is your life essence.
You have superior vitality. (+4 MHP)
You have a pair of small horns on your head.
You are clumsy. (Dex -2)
You are dopey. (Int -2)
You are strong-willed. (Will+)
You are often teleported next to monsters.


Message History

The bullfrog zombie hits you but does no damage.
You barely miss the bullfrog zombie.
The bullfrog zombie is almost destroyed.
The bullfrog zombie closely misses you.
Your iron imp hits the bullfrog zombie.
The bullfrog zombie is destroyed!
You feel strangely unstable.
You are yanked towards a nearby monster!
Your surroundings suddenly seem different.
A bog mummy comes into view.
The bog mummy closely misses you.
You hit the bog mummy.
The bog mummy's magic leaks into the air.
You headbutt the bog mummy.
The bog mummy is moderately damaged.
You hit the bog mummy.
The bog mummy seems to speed up.
The bog mummy is severely damaged.
The bog mummy hits you.
You hit the bog mummy.
The bog mummy's magic leaks into the air.
The bog mummy is severely damaged.
The bog mummy closely misses you.
You completely miss the bog mummy.
The bog mummy is severely damaged.
The bog mummy falters for a moment.
You hit the bog mummy but do no damage.
The bog mummy seems to grow stronger.
The bog mummy is severely damaged.
The bog mummy hits you!
* * * LOW HITPOINT WARNING * * *
You hit the bog mummy.
The bog mummy is almost destroyed.
The bog mummy's magic is no longer disrupted.
The bog mummy misses you.
You barely miss the bog mummy.
The bog mummy is almost destroyed.
The bog mummy barely misses you.
You hit the bog mummy but do no damage.
The bog mummy is almost destroyed.
The bog mummy hits you!!
You die...
Xom bursts into laughter!

≈ ## ≈ ≈# #≈ ##≈#
##≈### ###≈#≈
###≈##≈###~~#~###
#P~P#P#.~.#P#P~≈#
#~#.~.~.~.~.#.~.~~#
#P~.@~.....~~~...P#
#≈#M#####.#####~~~#≈#
..~ #.#...#~.P~≈#
##~~ #~#...'~#####
... #~#...#.'P# ###.
###~#####~### +.
#.'~'.#.'.'.# #.
###~#####.###
#~#∩..#.+


You could see a bog mummy (fast, strong).

Vanquished Creatures
  A bullfrog zombie (Ossuary)
  2 hounds (D:4)
  An iguana (D:3)
  An orc priest (D:3)
  5 mummies (Ossuary)
  Ijyb (D:3)
  2 orc wizards
  Terence (D:3)
  2 killer bee zombies (Ossuary)
  A crocodile zombie (Ossuary)
  2 hound zombies (Ossuary)
  4 howler monkey zombies (Ossuary)
  Robin (D:3)
  11 adders
  A ribbon worm (D:2)
  7 orcs
  3 endoplasms
  A giant cockroach (shapeshifter) (D:2)
  14 goblins
  10 hobgoblins
  5 jackals
  5 quokkas
  10 ball pythons
  3 ball python zombies (Ossuary)
  A bat (D:1)
  8 frilled lizards
  11 kobolds
  3 rats
117 creatures vanquished.

Vanquished Creatures (collateral kills)
  A bullfrog zombie (Ossuary)
  A hobgoblin (D:3)
2 creatures vanquished.

Grand Total: 119 creatures vanquished

Notes
Turn   | Place    | Note
-------+----------+-------------------------------------------
     0 | D:1      | Xavori the Djinni Chaos Knight began the quest for the Orb.
     0 | D:1      | Reached XP level 1. HP: 20/20 MP: 0/0
    27 | D:1      | XOM: silly message
    81 | D:1      | XOM: butterfly on damage
   309 | D:1      | Reached XP level 2. HP: 25/25 MP: 0/0
   640 | D:1      | XOM: noise
   716 | D:1      | XOM: noise
   771 | D:1      | Reached skill level 3 in Long Blades
   940 | D:1      | Reached XP level 3. HP: 27/30 MP: 0/0
   940 | D:1      | Learned a level 1 spell: Magic Dart
  1961 | D:1      | XOM: give mutations
  1961 | D:1      | Gained mutation: You are strong-willed. (Will+) [Xom's
                  | mischief]
  2163 | D:1      | XOM: cloud trail
  5420 | D:1      | XOM: summons 1 hostile demon
  5474 | D:1      | XOM is BORED!
  5474 | D:1      | XOM: give mutations
  5474 | D:1      | Gained mutation: You are dopey. (Int -2) [Xom's mischief]
  5474 | D:1      | Gained mutation: You have a pair of small horns on your
                  | head. [Xom's mischief]
  5803 | D:1      | XOM: god gift: 10 gold pieces
  6399 | D:1      | XOM: silly message
  6762 | D:1      | XOM: give mutations
  6762 | D:1      | Gained mutation: You are clumsy. (Dex -2) [Xom's mischief]
  6762 | D:1      | Gained mutation: You are occasionally teleported next to
                  | monsters. [Xom's mischief]
  6804 | D:1      | XOM: torment (16/30 hp)
  7396 | D:1      | XOM: stat loss: -1 Dex (11/12)
  8004 | D:1      | XOM: give mutation
  8004 | D:1      | Gained mutation: You are often teleported next to monsters.
                  | [Xom's mischief]
  8412 | D:1      | XOM: summons 2 hostile demons
  8685 | D:2      | XOM: blink monster(s)
  8690 | D:2      | XOM: silly message
  8702 | D:2      | Reached XP level 4. HP: 24/35 MP: 0/0
  8783 | D:2      | a kobold changed into a shapeshifter
  8783 | D:2      | Noticed a shapeshifter (shapeshifter)
  8783 | D:2      | XOM: polymorph kobold -> shapeshifter
  8783 | D:2      | a shapeshifter changed into a dart slug
  9213 | D:2      | XOM: silly message
  9233 | D:2      | Found a glowing silver altar of Zin.
  9447 | D:3      | Reached XP level 5. HP: 26/40 MP: 0/0
  9447 | D:3      | Learned a level 2 spell: Searing Ray
  9520 | D:2      | XOM: cloud trail
  9545 | D:3      | Reached skill level 1 in Spellcasting
  9545 | D:3      | Reached skill level 1 in Conjurations
  9545 | D:3      | Reached skill level 1 in Hexes
  9545 | D:3      | Reached skill level 1 in Summonings
  9545 | D:3      | Reached skill level 1 in Necromancy
  9545 | D:3      | Reached skill level 1 in Translocations
  9545 | D:3      | Reached skill level 1 in Fire Magic
  9545 | D:3      | Reached skill level 1 in Ice Magic
  9545 | D:3      | Reached skill level 1 in Air Magic
  9545 | D:3      | Reached skill level 1 in Earth Magic
  9545 | D:3      | Reached skill level 1 in Alchemy
  9621 | D:3      | Noticed Ijyb
  9631 | D:3      | Killed Ijyb
  9669 | D:3      | Noticed Terence
  9673 | D:3      | Killed Terence
  9693 | D:3      | Reached XP level 6. HP: 46/46 MP: 0/0
  9789 | D:3      | Found Geysu's Distillery.
  9822 | D:3      | Bought a potion of degeneration for 12 gold pieces
  9822 | D:3      | Bought a potion of attraction for 36 gold pieces
  9822 | D:3      | Bought a potion of curing for 36 gold pieces
  9862 | D:3      | XOM: 1-stop teleportation journey
  9967 | D:3      | Reached skill level 4 in Long Blades
 10025 | D:3      | Noticed Robin
 10074 | D:3      | XOM: summons friendly white imp
 10076 | D:3      | Killed Robin
 10106 | D:3      | XOM: 1-stop teleportation journey
 10560 | D:4      | Found Duudat's Mayhem Merchandise.
 10580 | D:4      | Found a stormy altar of Qazlal.
 10586 | D:4      | XOM: enchant monster (good)
 10595 | D:4      | Reached XP level 7. HP: 46/51 MP: 0/0
 10595 | D:4      | Learned a level 2 spell: Mercury Vapours
 10632 | D:4      | Found a sand-covered staircase.
 10643 | Ossuary  | Entered an ossuary
 10650 | Ossuary  | XOM: fake destruction
 10689 | Ossuary  | XOM: summons friendly iron imp
 10732 | Ossuary  | XOM: smoke on damage
 10738 | Ossuary  | Reached skill level 5 in Long Blades
 10812 | Ossuary  | Reached XP level 8. HP: 24/58 MP: 0/0
 10832 | Ossuary  | Demolished by a bog mummy

Illustrated notes

Levels and vault maps discovered:
D:1:      minmay_arrival_glassed_features, layout_basic, minivault_14,
          kennysheep_small_spiral, kennysheep_minor_cross
D:2:      layout_basic, basic_altar
D:3:      layout_basic, chequers_temple_overflow_statue_of_worship,
          serial_shops, shop, hex_medium, minmay_snake_closets, uniq_terence,
          uniq_ijyb, uniq_robin
D:4:      layout_basic, nicolae_qazlal_scattered_showers, gup_sewer_entry_bowl,
          nicolae_ossuary_entry_monument, minmay_shop_mayhem,
          minmay_strange_pillars, minmay_misc_feat_chi
Ossuary:  ossuary_zaba_flooded

Skill      XL: |  1  2  3  4  5  6  7 |
---------------+----------------------+-----
Long Blades    | 3 4 5 |  5.4
Armour         | 2 3 |  3.9
Spellcasting   | 1 |  1.9
Conjurations   | 1 |  1.9
Hexes          | 1 |  1.9
Summonings     | 1 |  1.9
Necromancy     | 1 |  1.9
Translocations | 1 |  1.9
Fire Magic     | 1 |  1.9
Ice Magic      | 1 |  1.9
Air Magic      | 1 |  1.9
Earth Magic    | 1 |  1.9
Alchemy        | 1 |  1.9
Dodging        | 3 |  3.7
Fighting       | 4 |  4.1

Action                     |  1- 3 |  4- 6 |  7- 9 || total
---------------------------+-------+-------+-------++-------
  Melee: Falchion          |   105 |   199 |   117 ||   421
         Headbutt          |     1 |    26 |    26 ||    53
         Punch             |     1 |     2 |     1 ||     4
   Cast: Magic Dart        |       |     1 |       ||     1
    Use: Scroll            |       |     1 |       ||     1
   Stab: Confused          |     1 |       |       ||     1
         Petrified         |       |       |     2 ||     2
 Armour: Leather armour    |    89 |   130 |    50 ||   269
  Dodge: Dodged            |    71 |   170 |    53 ||   294
